 Dungeon Crawl Stone Soup version 0.27.0-1-g7a089689b8 (webtiles) character file.

Game seed: 9469070322961790474

3100 MajorAdolf the Covert (level 9, -1/85 HPs)
             Began as a Naga Wanderer on Aug 14, 2021.
             Was an Initiate of Gozag.
             Shot with a bolt by an orc warrior (12 damage)
             ... in a bailey.
             The game lasted 00:19:00 (11006 turns).

MajorAdolf the Covert (Naga Wanderer)              Turns: 11006, Time: 00:19:01

Health: -1/85      AC:  5    Str: 12    XL:     9   Next: 90%
Magic:  3/16       EV:  9    Int: 21    God:    Gozag
Gold:   436        SH:  0    Dex: 11    Spells: 12/18 levels left

rFire    . . .     SeeInvis +   h - +8 spear "Geacraor" {vorpal, Int+3}
rCold    . . .     Faith    .   (no shield)
rNeg     . . .     Spirit   .   e - +0 robe
rPois    +         Reflect  .   (no helmet)
rElec    .         Harm     .   D - +0 cloak
rCorr    .         Rampage  .   (no gloves)
Will     +....                  (no barding)
Stlth    ++++......             (no amulet)
HPRegen  0.24/turn              p - ring of flight
MPRegen  0.15/turn              (no ring)

@: radiating poison, flying, very slow
A: AC +3, large, see invisible, deformed body, poison resistance, slowness 2,
spit poison 1, naga tail 1
a: Spit Poison, Renounce Religion, Potion Petition, Call Merchant, Bribe Branch


You were in a bailey.
You worshipped Gozag.
Gozag was aware of your devotion.
You visited 2 branches of the dungeon, and saw 8 of its levels.
You also visited: Ossuary and Bailey.

You collected 504 gold pieces.
You paid 68 gold pieces to Gozag.

Inventory:

Hand Weapons
 a - a +2 shortbow
 c - a +0 mace
 h - the +8 spear "Geacraor" (weapon) {vorpal, Int+3}
   (You found it on level 4 of the Dungeon)

   It inflicts extra damage upon your enemies.
   Int:       It affects your intelligence (+3).
 i - a +0 hand axe
 k - a +3 dagger
Missiles
 b - 53 arrows
 g - 281 stones
Armour
 e - a +0 robe (worn)
 D - a +0 cloak (worn)
 I - a +0 kite shield
Jewellery
 p - a ring of flight (left hand)
 y - a ring of protection from fire
 C - an amulet of magic regeneration
 F - an amulet of the acrobat
Wands
 r - a wand of digging (4)
 x - a wand of charming (12)
Scrolls
 n - 4 scrolls of amnesia
 q - 6 scrolls of teleportation {unknown}
 u - 2 scrolls of fear
 v - 3 scrolls of enchant armour {unknown}
 w - a scroll of fog
 A - 2 scrolls of enchant weapon {unknown}
 E - a scroll of vulnerability
Potions
 f - a potion of attraction {unknown}
 j - a potion of might {unknown}
 m - 3 potions of heal wounds {unknown}
 s - 9 potions of curing {unknown}
 t - a potion of brilliance {unknown}
 B - 3 potions of haste
 G - a potion of berserk rage {unknown}
 H - a potion of mutation {unknown}


   Skills:
 + Level 6.9 Fighting
 - Level 1.0 Polearms
 - Level 1.7 Bows
 - Level 1.0 Throwing
 - Level 1.0 Dodging
 + Level 9.7 Stealth
 + Level 1.9 Shields
 + Level 5.0 Spellcasting
 + Level 5.4 Air Magic
 + Level 7.3 Poison Magic
 - Level 1.0 Evocations


You had 12 spell levels left.
You knew the following spells:

 Your Spells              Type           Power      Damage    Failure   Level
a - Poisonous Vapours     Pois/Air       64%        N/A       1%          2
b - Olgreb's Toxic Radia  Pois           36%        N/A       5%          4

Your spell library contained the following spells:

 Spells                   Type           Power      Damage    Failure   Level
 Sting                    Tmut/Pois      80%        1d7       2%          1
 Summon Lightning Spire   Summ/Air       16%        N/A       34%         4
 Storm Form               Tmut/Air       8%         N/A       100%        7
 Maxwell's Capacitive Co  Air            14%        ∞         100%        8


Dungeon Overview and Level Annotations

Branches:
Dungeon (7/15)             Temple (1/1) D:5         Ossuary (visited)
 Bailey (1/1)

Altars:
Ashenzari
Cheibriados
Dithmenos
Elyvilon
Fedhas
Gozag
Hepliaklqana
Kikubaaqudgha
Makhleb
Nemelex Xobeh
Okawaru
Qazlal
Ru
Sif Muna
Trog
Uskayaw
Vehumet
Wu Jian
Xom
Yredelemnul
Zin
The Shining One

Shops:
D:6 *

Annotations:
D:4 1 runed translucent door, Crownlay's ghost, amateur OpBr
D:7 Harold; Maggie


Innate Abilities, Weirdness & Mutations

Your serpentine skin is tough. (AC +3)
You have supernaturally acute eyesight. (SInv)
Armour fits poorly on your strangely shaped body.
Your system is resistant to poisons. (rPois)
You cover ground very slowly.
You can spit poison.
You have a snake-like lower body.


Message History

Poisonous vapours surround the orc warrior!
The orc warrior looks as sick as possible!
The orc warrior shoots a bolt.
The bolt hits you.
Press: ? - help, Shift-Dir - straight line, f/p - orc warrior
Aim: an orc warrior, wielding a +0 arbalest, wearing a +0 ring mail and quivering bolts (lightly wounded, extremely poisoned)
The splash of poison misses the orc warrior.
The orc warrior shoots a bolt.
The bolt hits you but does no damage.
Unknown command.
The orc warrior shoots a bolt.
The bolt hits you!!
You have got your breath back.
The orc warrior shoots a bolt.
The bolt hits you!
Casting: Poisonous Vapours (safe; 1% risk of failure)
Confirm with . or Enter, or press ? or * to list all spells.
Aiming: Poisonous Vapours (safe; 1% risk of failure)
Press: ? - help, Dir - move target, f/p - orc warrior
Aim: an orc warrior, wielding a +0 arbalest, wearing a +0 ring mail and quivering bolts (moderately wounded, very poisoned) Poisonous vapours surround the orc warrior!
The orc warrior looks as sick as possible!
The orc warrior shoots a bolt.
The bolt hits you.
The orc warrior shoots a bolt.
The bolt hits you!
* * * LOW HITPOINT WARNING * * *
Unknown command.
Casting: Poisonous Vapours (safe; 1% risk of failure)
Confirm with . or Enter, or press ? or * to list all spells.
You don't know that spell.
Unknown command.
Casting: Poisonous Vapours (safe; 1% risk of failure)
Confirm with . or Enter, or press ? or * to list all spells.
You begin to radiate toxic energy.
The orc warrior looks as sick as possible!
Unknown command.
Unknown command.
Okay, then.
Casting: Olgreb's Toxic Radiance (dangerous; 5% risk of failure)
Confirm with . or Enter, or press ? or * to list all spells.
Your toxic radiance grows in intensity.
The orc warrior looks as sick as possible!
The orc warrior shoots a bolt.
The bolt hits you!
You die...
Your body crumbles into a pile of gold.

#......≈$
#......≈##
#......≈≈#
#.$.....≈≈
#.........
#.........
#.o.......
#.........
#.@.......
#∩........
##########


You could see an orc warrior (extremely poisoned).

Vanquished Creatures
  A two-headed ogre (D:7)
  Pikel (D:3)
  A water moccasin (D:6)
  Duvessa (D:4)
  An ice beast (D:6)
  4 orc warriors
  2 lemures (D:4)
  A phantom (D:4)
  A kobold brigand (D:6)
  Blork the orc (D:4)
  3 scorpions
  2 elf skeletons (D:4)
  Dowan (D:4)
  A water moccasin skeleton (D:5)
  A crimson imp (D:6)
  A jelly (D:5)
  2 hounds (D:6)
  A human zombie (Ossuary)
  2 orc priests (D:7)
  A bullfrog skeleton (D:5)
  2 iguanas
  A human skeleton (D:4)
  3 orc wizards
  A hound zombie (Ossuary)
  4 mummies (Ossuary)
  2 howler monkey zombies (D:5)
  2 howler monkey skeletons (D:5)
  9 adders
  2 white imps (D:6)
  2 adder zombies (Ossuary)
  3 worms (D:2)
  3 dart slugs
  10 orcs
  3 ball pythons
  7 endoplasms
  2 giant cockroaches (D:1)
  7 goblins
  8 hobgoblins
  7 jackals
  16 kobolds
  4 quokkas
  4 bats
  5 frilled lizards
  2 gnoll zombies (Ossuary)
  2 hobgoblin zombies (Ossuary)
  2 orc skeletons (D:4)
  4 orc zombies
  4 rats
  A rat zombie (Ossuary)
151 creatures vanquished.

Vanquished Creatures (others)
  4 plants (D:1)
  2 withered plants (D:1)
6 creatures vanquished.

Grand Total: 157 creatures vanquished

Notes
Turn   | Place    | Note
-------+----------+-------------------------------------------
     0 | D:1      | MajorAdolf the Naga Wanderer began the quest for the Orb.
     0 | D:1      | MajorAdolf set off with the following items: a +2 shortbow,
                  | 26 arrows, a +0 mace, a potion of lignification, a +0 robe
     0 | D:1      | Reached XP level 1. HP: 21/21 MP: 1/1
   514 | D:1      | Found a faded altar of an unknown god.
   543 | D:1      | Reached skill level 2 in Stealth
   622 | D:1      | Reached XP level 2. HP: 23/28 MP: 2/2
  1067 | D:1      | Reached skill level 3 in Stealth
  1483 | D:1      | Reached XP level 3. HP: 25/34 MP: 3/3
  2006 | D:1      | Reached skill level 4 in Stealth
  2015 | D:1      | Learned a level 2 spell: Poisonous Vapours
  2361 | D:2      | Reached XP level 4. HP: 42/44 MP: 4/4
  2468 | D:2      | Found a burning altar of Makhleb.
  2803 | D:2      | Reached skill level 1 in Poison Magic
  3379 | D:3      | Reached skill level 1 in Air Magic
  3477 | D:3      | Reached XP level 5. HP: 47/50 MP: 6/6
  3493 | D:3      | Reached skill level 1 in Spellcasting
  3688 | D:3      | Found a glowing silver altar of Zin.
  4005 | D:4      | Identified the +8 spear "Geacraor" {vorpal, Int+3}
  4112 | D:4      | Found a runed translucent door.
  4194 | D:4      | Found a sand-covered staircase.
  4200 | Ossuary  | Entered an ossuary
  4227 | Ossuary  | Reached skill level 5 in Stealth
  4239 | Ossuary  | Reached XP level 6. HP: 34/58 MP: 8/8
  5119 | D:4      | Reached XP level 7. HP: 43/66 MP: 10/10
  5676 | D:4      | Noticed Blork the orc
  5707 | D:4      | Noticed Pikel
  5727 | D:3      | Killed Pikel
  5728 | D:3      | Reached skill level 5 in Fighting
  5728 | D:3      | Reached skill level 7 in Stealth
  5728 | D:3      | Reached XP level 8. HP: 44/74 MP: 10/12
  5937 | D:3      | Learned a level 4 spell: Olgreb's Toxic Radiance
  5942 | D:4      | Noticed Crownlay's ghost (amateur OpBr)
  6068 | D:4      | Killed Blork the orc
  6166 | D:4      | Noticed Dowan
  6665 | D:4      | Killed Dowan
  7082 | D:4      | Noticed Duvessa
  7094 | D:4      | Killed Duvessa
  7095 | D:4      | Reached skill level 5 in Poison Magic
  7447 | D:5      | Entered Level 5 of the Dungeon
  8104 | D:5      | Found a staircase to the Ecumenical Temple.
  8204 | Temple   | Entered the Ecumenical Temple
  8504 | Temple   | Became a worshipper of Gozag Ym Sagoz the Greedy
  8563 | D:5      | Reached skill level 8 in Stealth
  9325 | D:6      | Reached XP level 9. HP: 33/82 MP: 13/15
  9793 | D:6      | Found Fibaarph's Elemental Accessories.
 10477 | D:7      | Reached skill level 9 in Stealth
 10511 | D:7      | Noticed Maggie
 10562 | D:7      | Noticed a two-headed ogre
 10585 | D:7      | Killed a two-headed ogre
 10586 | D:7      | Reached skill level 1 in Shields
 10586 | D:7      | Reached skill level 5 in Air Magic
 10591 | D:7      | Noticed Harold
 10598 | D:7      | Found a flagged portal.
 10604 | Bailey   | Entered a bailey
 10887 | Bailey   | Reached skill level 5 in Spellcasting
 11006 | Bailey   | Shot with a bolt by an orc warrior

Illustrated notes

Levels and vault maps discovered:
D:1:      minmay_arrival_shattered_statue, layout_basic,
          shapermc_ecumenical_altar_flowoftime, minmay_cupped
D:2:      layout_basic, basic_altar
D:3:      minmay_angry_zag, layout_basic, mainiacjoe_overflow_small_starburst
D:4:      layout_basic, nicolae_ossuary_entry_catacombs,
          hellmonk_ghost_happy_afterlife, uniq_blork_the_orc, uniq_pikel,
          uniq_duvessa
D:5:      layout_loops_corners, minmay_temple_entry_waves, serial_park_tiny_pond
D:6:      layout_loops_ring, nicolae_elemental_shop, minmay_fire_ice_demons
D:7:      layout_basic, enter_bailey_2, grunt_ministairs_2, uniq_maggie,
          uniq_harold, uniq_joseph
Temple:   regret_index_temple_sigil_plot
Bailey:   bailey_polearm_2, bailey

Skill      XL: |  1  2  3  4  5  6  7  8  9 |
---------------+----------------------------+-----
Stealth        | 2 3 4 5 7 8 9 |  9.7
Fighting       | 4 5 6 |  6.9
Poison Magic   | 1 2 3 4 6 7 |  7.3
Air Magic      | 1 2 3 4 5 |  5.4
Spellcasting   | 1 2 3 4 5 |  5.0
Shields        | 1 |  1.9
Polearms       | |  1.0
Bows           | |  1.7
Throwing       | |  1.0
Dodging        | |  1.0
Evocations     | |  1.0

Action                   |  1- 3 |  4- 6 |  7- 9 || total
-------------------------+-------+-------+-------++-------
Melee: Mace              |    54 |       |       ||    54
       Dagger            |    34 |    43 |       ||    77
       Spear             |       |    98 |   151 ||   249
Throw: Stone             |     3 |       |       ||     3
 Cast: Poisonous Vapours |       |       |    56 ||    56
       Olgreb's Toxic Ra |       |       |     9 ||     9
 Abil: Spit Poison       |    42 |    17 |     7 ||    66
  Use: Potion            |       |     2 |     2 ||     4
       Scroll            |       |     1 |     8 ||     9
 Stab: Sleeping          |     3 |     8 |     7 ||    18
Armor: Robe              |    30 |    12 |    26 ||    68
       Skin              |       |   106 |     7 ||   113
Dodge: Dodged            |    60 |    42 |    60 ||   162
Block: Kite shield       |       |       |     3 ||     3
